 Dungeon Crawl Stone Soup version 0.29-a0-330-g52719c12eb (webtiles) character file.

Game seed: 14082888942170364535

4627 night the Cleaver (level 10, 0/80 HPs)
             Began as a Demonspawn Hunter on May 20, 2022.
             Was a Believer of Qazlal.
             Killed by divine providence
             ... invoked by an orc priest
              (11 damage)
             ... on level 8 of the Dungeon.
             The game lasted 00:15:47 (8791 turns).

night the Cleaver (Demonspawn Hunter)               Turns: 8791, Time: 00:15:48

Health: 0/80       AC: 14    Str: 22    XL:     10   Next: 19%
Magic:  11/11      EV: 10    Int: 11    God:    Qazlal [**....]
Gold:   420        SH:  9    Dex: 16    Spells: 9/9 levels left

rFire   . . .      SeeInvis .   b - +4 broad axe (flame)
rCold   . . .      Faith    .   q - +0 buckler
rNeg    . . .      Spirit   .   y - +0 scale mail
rPois   .          Reflect  .   (no helmet)
rElec   .          Harm     .   U - +2 cloak
rCorr   +          Rampage  .   J - +0 pair of gloves
Will    .....                   (no boots)
Stlth   ..........              A - amulet of the acrobat
HPRegen 0.23/turn               x - +6 ring of strength
MPRegen 0.12/turn               Q - +4 ring of slaying

@: frozen, studying Hexes, very slow
A: yellow scales 3, spiny 1, demonic magic 1, weakness stinger 2
a: Renounce Religion, Upheaval


You were on level 8 of the Dungeon.
You worshipped Qazlal.
Qazlal was pleased with you.
You visited 1 branch of the dungeon, and saw 8 of its levels.

You collected 420 gold pieces.

Inventory:

Hand Weapons
 a - a +1 hunting sling
 b - a +4 broad axe of flaming (weapon)
 m - a +1 vampiric war axe
 n - a +2 short sword of venom
Missiles
 e - 294 stones
 h - 12 poisoned darts
 v - 6 boomerangs
 S - a throwing net
Armour
 i - a +0 leather armour
 q - a +0 buckler (worn)
 y - a +0 scale mail (worn)
 J - a +0 pair of gloves (worn)
 U - a +2 cloak (worn)
Jewellery
 x - a +6 ring of strength (left hand)
 A - an amulet of the acrobat (around neck)
 F - a ring of protection from cold
 L - a +6 ring of intelligence
 Q - a +4 ring of slaying (right hand)
Wands
 C - a wand of iceblast (1)
 G - a wand of flame (69)
 I - a wand of polymorph (5)
 V - a wand of acid (6)
Scrolls
 c - 2 scrolls of immolation
 d - 3 scrolls of noise
 f - 7 scrolls of identify
 g - 2 scrolls of brand weapon
 j - 5 scrolls of teleportation
 k - 3 scrolls of vulnerability
 l - 2 scrolls of fear {unknown}
 o - 3 scrolls of enchant weapon {unknown}
 s - 3 scrolls of enchant armour {unknown}
 t - a scroll of magic mapping {unknown}
 M - a scroll of fog {unknown}
 O - a scroll of acquirement
 P - 3 scrolls of holy word {unknown}
 R - a scroll of amnesia {unknown}
Potions
 p - a potion of berserk rage {unknown}
 r - 3 potions of heal wounds
 u - 3 potions of cancellation {unknown}
 w - 3 potions of attraction {unknown}
 z - a potion of resistance
 B - a potion of brilliance {unknown}
 D - 3 potions of flight {unknown}
 E - 3 potions of degeneration {unknown}
 H - a potion of curing {unknown}
 K - a potion of ambrosia {unknown}
 N - a potion of haste {unknown}
 T - a potion of mutation {unknown}


   Skills:
 + Level 7.9 Fighting
 * Level 9.3 Axes
 - Level 5.0 Slings
 - Level 1.7 Dodging
 - Level 0.8 Stealth
 - Level 6.1 Shields
 + Level 1.8 Invocations


You had 9 spell levels left.
You didn't know any spells.
Your spell library contained the following spells:

 Spells                   Type           Power      Damage    Failure   Level
 Shock                    Conj/Air       0%         1d3       77%         1
 Corpse Rot               Necr/Air       0%         N/A       88%         2
 Static Discharge         Conj/Air       0%         N/A       88%         2
 Sublimation of Blood     Necr           0%         N/A       88%         2
 Call Canine Familiar     Summ           0%         N/A       98%         3
 Gell's Gravitas          Tloc           0%         N/A       98%         3
 Lesser Beckoning         Tloc           0%         N/A       98%         3
 Portal Projectile        Hex/Tloc       0%         N/A       98%         3
 Swiftness                Air            0%         N/A       98%         3
 Teleport Other           Tloc           0%         N/A       98%         3
 Airstrike                Air            0%         N/A       100%        4
 Dispel Undead            Necr           0%         3d6       100%        4
 Leda's Liquefaction      Hex/Erth       0%         N/A       100%        4
 Petrify                  Tmut/Erth      0%         N/A       100%        4
 Irradiate                Conj/Tmut      0%         3d13      100%        5
 Lightning Bolt           Conj/Air       0%         1d11      100%        5
 Death Channel            Necr           0%         N/A       100%        6
 Maxwell's Capacitive Co  Air            0%         ∞         100%        8


Dungeon Overview and Level Annotations

Branches:
Dungeon (8/15)             Temple (0/1) D:7
   Lair: D:8-11

Altars:
Fedhas
Hepliaklqana
Qazlal

Shops:
D:5 *

Annotations:
D:3 2 runed translucent doors, exclusion: oklob plant, Zgarb's ghost, amateur DjWz
D:4 exclusion: 2 oklob plants
D:8 1 transporter


Innate Abilities, Weirdness & Mutations

You are completely covered in yellow scales. (AC +4, rCorr)
You are partially covered in sharp spines.
Spells you cast may paralyse adjacent enemies.
You have a tail ending in a sharp stinger.


Message History

There is an open door here.
Aiming: Polymorph
Press: ? - help, Shift-Dir - straight line, f - kobold demonologist, p - orc priest
Aim: a kobold demonologist, wielding a +0 dagger and wearing a +0 robe (lightly wounded, will become an iguana, a rime drake, or a human, chance to affect: 31%)
The kobold demonologist easily resists.
The shadow imp picks up a beetle and eats it.
Aiming: Throw Flame
Press: ? - help, Shift-Dir - straight line, f/p - kobold demonologist
Aim: a kobold demonologist, wielding a +0 dagger and wearing a +0 robe (lightly wounded, 56% to hit)
The puff of flame hits the kobold demonologist!
The kobold demonologist is moderately wounded.
The kobold demonologist casts a spell.
Aiming: Polymorph
Press: ? - help, Shift-Dir - straight line, f/p - kobold demonologist
Aim: a kobold demonologist, wielding a +0 dagger and wearing a +0 robe (moderately wounded, will become an iguana, a rime drake, or a human, chance to affect: 31%)
The kobold demonologist evaporates and reforms as a rime drake!
The rime drake breathes ice at you. The flash freeze hits you!!
You are encased in ice.
The shadow imp gestures at you. Pain shoots through your body!
The shadow imp gestures at you. Pain shoots through your body!
The ice encasing you melts away.
The kobold demonologist casts a cantrip, but nothing happens.
There's a creature in the doorway!
You barely miss the rime drake. You slash the plant!
The plant begins to die.
You burn the plant.
The rime drake is struck by your spines.
The rime drake bites you.
You hit the rime drake. You burn the rime drake. You tail-slap the rime drake!
The rime drake is heavily wounded.
You slash the plant! You burn the plant. The rime drake breathes ice at you.
The flash freeze hits you!
* * * LOW HITPOINT WARNING * * *
You are encased in ice.
The orc priest calls down the wrath of Beogh upon you.
Beogh smites you!
You die...

# #..#.≈...≈.#........#
#..#5≈...≈.#.......##
##.#5≈≈≈≈≈.#.....)##
#.#K≈≈♣≈≈.#......#
#.#5≈PP≈≈.#.....##
#.#o≈...≈5#...###
#.#5≈.5.≈o#...##
#.####k####....#
##.#P...@.P#.#..#
#..#8P.°.P8#.#..####
#...#########........
.........©...........#
..................#####
#................>.##
...................#
...................#
..............##


You could see a kobold demonologist, a rime drake, 2 orc priests, a quasit
(summoned), 3 shadow imps and 2 ufetubi.

Vanquished Creatures
  Pikel (D:5)
  An oklob plant (D:4)
  Maurice (D:8)
  An unseen horror (D:8)
  5 wandering mushrooms
  Prince Ribbit (D:5)
  Sigmund (D:6)
  Eustachio (D:6)
  A wyvern (D:8)
  A yak (D:7)
  2 steam dragons (D:7)
  Menkaure (D:5)
  2 water moccasins
  A sky beast (D:6)
  2 ice beasts (D:5)
  An ogre (D:4)
  2 black bears
  2 centaurs (D:4)
  A lemure (D:5)
  A phantom (D:5)
  2 bullfrogs (D:7)
  A necrophage (D:7)
  2 gnoll sergeants (D:8)
  A scorpion (D:7)
  4 killer bees (D:8)
  5 hounds
  2 jellies
  3 orc priests
  A gnoll shaman (D:8)
  4 iguanas
  5 orc wizards
  12 gnolls (D:8)
  5 adders
  2 shadow imps (D:8)
  3 white imps
  3 ufetubi
  2 worms
  5 dart slugs
  27 orcs
  7 endoplasms
  4 giant cockroaches
  5 goblins
  6 hobgoblins
  12 jackals
  A quokka (D:1)
  7 ball pythons
  7 bats
  7 frilled lizards
  4 kobolds
  3 rats
181 creatures vanquished.

Vanquished Creatures (others)
  A wandering mushroom (D:3)
  4 ballistomycete spores (D:8)
5 creatures vanquished.

Grand Total: 186 creatures vanquished

Notes
Turn   | Place    | Note
-------+----------+-------------------------------------------
     0 | D:1      | night the Demonspawn Hunter began the quest for the Orb.
     0 | D:1      | Reached XP level 1. HP: 16/16 MP: 1/1
    67 | D:1      | Gained mutation: You have a small tail. [demonic ancestry]
    67 | D:1      | Reached XP level 2. HP: 23/23 MP: 2/2
   334 | D:1      | Identified a scroll of acquirement
   334 | D:1      | Acquired a +4 broad axe of flaming
   736 | D:2      | Gained mutation: You are partially covered in yellow
                  | scales. (AC +2) [demonic ancestry]
   736 | D:2      | Reached XP level 3. HP: 28/28 MP: 3/3
   835 | D:2      | Found a hazy altar of Hepliaklqana.
  1116 | D:2      | Reached skill level 1 in Axes
  1116 | D:2      | Reached XP level 4. HP: 14/35 MP: 4/4
  1763 | D:3      | Reached XP level 5. HP: 29/41 MP: 5/5
  1883 | D:3      | Found a faded altar of an unknown god.
  1968 | D:3      | Prayed at the altar of an unknown god.
  1968 | D:3      | Became a worshipper of Fedhas Madash
  1968 | D:3      | Reached * piety under Fedhas
  2058 | D:3      | Found a large runed translucent door.
  2058 | D:3      | Found a large runed translucent door.
  2060 | D:3      | Noticed Zgarb's ghost (amateur DjWz)
  2094 | D:3      | Found a stormy altar of Qazlal.
  2104 | D:3      | Fell from the grace of Fedhas
  2104 | D:3      | Became a worshipper of Qazlal Stormbringer
  2219 | D:3      | Reached skill level 2 in Axes
  2491 | D:3      | Noticed a wandering mushroom
  2491 | D:3      | Noticed a wandering mushroom
  2491 | D:3      | Noticed an oklob plant
  2496 | D:3      | HP: 4/42 [wandering mushroom[the enmity of Fedhas Madash]
                  | (15)]
  2791 | D:4      | Noticed a centaur
  2794 | D:4      | Noticed a centaur
  2802 | D:4      | Reached skill level 1 in Shields
  2806 | D:4      | Killed a centaur
  2807 | D:4      | Gained mutation: You have a tail ending in a sharp stinger.
                  | [demonic ancestry]
  2807 | D:4      | Reached XP level 6. HP: 23/48 MP: 6/6
  2811 | D:4      | Reached skill level 3 in Axes
  3007 | D:4      | Noticed an oklob plant
  3007 | D:4      | Noticed an oklob plant
  3007 | D:4      | Noticed a wandering mushroom
  3008 | D:4      | HP: 2/48 [oklob plant/splash of acid[the enmity of Fedhas
                  | Madash] (12)]
  3037 | D:4      | Reached skill level 5 in Slings
  3549 | D:4      | Reached skill level 2 in Shields
  3732 | D:4      | Gained mutation: Spells you cast may paralyse adjacent
                  | enemies. [demonic ancestry]
  3732 | D:4      | Reached XP level 7. HP: 45/55 MP: 7/7
  3853 | D:4      | Noticed an oklob plant
  3853 | D:4      | Noticed a wandering mushroom
  3853 | D:4      | Noticed a wandering mushroom
  3858 | D:4      | Killed a wandering mushroom
  3860 | D:4      | Killed an oklob plant
  3866 | D:4      | Killed a wandering mushroom
  4091 | D:4      | Reached * piety under Qazlal
  4146 | D:3      | Killed a wandering mushroom
  4888 | D:5      | Entered Level 5 of the Dungeon
  4888 | D:5      | Noticed Pikel
  4893 | D:5      | Killed Pikel
  4894 | D:5      | Reached skill level 5 in Fighting
  4894 | D:5      | Reached skill level 5 in Axes
  4894 | D:5      | Gained mutation: You are mostly covered in yellow scales.
                  | (AC +3) [demonic ancestry]
  4894 | D:5      | Reached XP level 8. HP: 14/62 MP: 8/8
  5321 | D:5      | Found Meiducs's Fire Supplies.
  5345 | D:5      | Noticed Prince Ribbit
  5348 | D:5      | Killed Prince Ribbit
  5349 | D:5      | Reached skill level 6 in Axes
  5643 | D:5      | Noticed Menkaure
  5648 | D:5      | Killed Menkaure
  5958 | D:6      | Noticed Eustachio
  5976 | D:6      | Killed Eustachio
  6021 | D:6      | Gained mutation: You are completely covered in yellow
                  | scales. (AC +4, rCorr) [demonic ancestry]
  6021 | D:6      | Reached XP level 9. HP: 69/69 MP: 9/9
  6174 | D:6      | Noticed Sigmund
  6181 | D:6      | Killed Sigmund
  6182 | D:6      | Reached skill level 7 in Axes
  6752 | D:7      | Found a staircase to the Ecumenical Temple.
  6762 | D:7      | Reached skill level 5 in Shields
  7028 | D:7      | Reached skill level 8 in Axes
  7480 | D:8      | Reached ** piety under Qazlal
  7820 | D:8      | Noticed a wandering mushroom
  7820 | D:8      | Noticed a wandering mushroom
  7842 | D:8      | Killed an unseen horror
  7843 | D:8      | Gained mutation: You are partially covered in sharp spines.
                  | [demonic ancestry]
  7843 | D:8      | Reached XP level 10. HP: 36/79 MP: 10/10
  7850 | D:8      | Reached skill level 9 in Axes
  8281 | D:8      | Reached skill level 1 in Invocations
  8468 | D:8      | Found a transporter.
  8485 | D:8      | Found a transporter.
  8513 | D:8      | Noticed Maurice
  8529 | D:8      | Killed Maurice
  8578 | D:8      | Identified the +5 flail "Siseqoiz" {pain, rN+ Int+4}
  8791 | D:8      | HP: 11/80 [rime drake/flash freeze (15)]
  8791 | D:8      | Killed from afar by an orc priest

Illustrated notes

Levels and vault maps discovered:
D:1:      shiori_arrival_maze, layout_basic, st_stairs_2, bh_walls_and_bars
D:2:      layout_rooms, basic_altar
D:3:      layout_basic, grunt_qazlal_sundering, ebering_ghost_disaster_area,
          shapermc_ecumenical_altar_mp_highgroup, minmay_quadrilaterals
D:4:      layout_loops_cross, minmay_misc_feat_roman, st_stairs_8,
          minmay_manual_mares
D:5:      layout_loops_cross, nicolae_shop_fire_sale [nicolae_sub_dead_trees],
          uniq_pikel, uniq_menkaure, uniq_prince_ribbit1
D:6:      layout_loops_ring, uniq_sigmund, uniq_eustachio
D:7:      minmay_general_purpose_star, layout_rooms, minmay_temple_entry_waves
D:8:      gammafunk_wand_slinger, layout_cave_pods, dk_rats_in_the_wall,
          uniq_maurice

Skill      XL: |  1  2  3  4  5  6  7  8  9 10 |
---------------+-------------------------------+-----
Slings         | 4 5 |  5.0
Fighting       | 3 4 5 6 7 |  7.9
Axes           | 1 2 3 5 6 8 9 |  9.3
Shields        | 1 2 3 4 6 |  6.1
Invocations    | 1 |  1.8
Dodging        | |  1.7
Stealth        | |  0.8

Action                   |  1- 3 |  4- 6 |  7- 9 | 10-12 || total
-------------------------+-------+-------+-------+-------++-------
Melee: Broad axe         |     6 |   101 |   168 |    32 ||   307
       Tailslap          |       |    11 |    26 |     3 ||    40
 Fire: Hunting sling     |    87 |    13 |     3 |       ||   103
Evoke: Wand              |       |       |     6 |    11 ||    17
  Use: Scroll            |     4 |     2 |       |       ||     6
       Potion            |       |     2 |       |       ||     2
 Stab: Distracted        |       |     2 |       |       ||     2
Armor: Leather armour    |    28 |    38 |    14 |       ||    80
       Scale mail        |       |       |    61 |    15 ||    76
Dodge: Dodged            |    33 |    79 |    98 |    25 ||   235
Block: Buckler           |       |    17 |    63 |    13 ||    93

Table legend: (Time is in decaauts)
 A = Elapsed time spent in this place.
 B = Non-inter-level travel time spent in this place.
 C = Inter-level travel time spent in this place.
 D = Time resting spent in this place.
 E = Time spent auto-exploring this place.
 F = Levels seen in this place.
 G = Mean time per level.
                   A        B        C        D        E       F      G
               +--------+--------+--------+--------+--------+-----+--------+
         Total |   8944 |   8560 |    384 |   1504 |   5583 |   8 | 1118.0 |
       Dungeon |   8944 |   8560 |    384 |   1504 |   5583 |   8 | 1118.0 |
               +--------+--------+--------+--------+--------+-----+--------+

Top non-repeatable levels by time:
     D:4: 1842 daAuts
     D:3: 1758 daAuts
     D:8: 1322 daAuts
     D:5: 1041 daAuts
     D:7: 852 daAuts
     D:6: 729 daAuts
     D:1: 726 daAuts
     D:2: 671 daAuts
